 Dungeon Crawl Stone Soup version 0.30-a0-1102-g2dbb833546 (webtiles) character file.

Game seed: 9971603549736871311

10 Essalna the Gusty (level 2, 0/16 HPs)
             Began as a Tengu Air Elementalist on Apr 18, 2023.
             Slain by a quokka (1 damage)
             ... on level 1 of the Dungeon.
             The game lasted 00:00:42 (218 turns).

Essalna the Gusty (Tengu Air Elementalist)           Turns: 218, Time: 00:00:43

Health: 0/16       AC:  2    Str:  8    XL:     2   Next: 20%
Magic:  0/6        EV: 12    Int: 15    God:
Gold:   6          SH:  0    Dex: 14    Spells: 4/5 levels left

rFire   . . .      SeeInvis .    d - +0 hand axe (elec)
rCold   . . .      Faith    .    (no shield)
rNeg    . . .      Spirit   .    a - +0 robe
rPois   .          Reflect  .    (helmet restricted)
rElec   .          Rampage  .    (no cloak)
rCorr   .                        (no gloves)
Will    .....                    (boots unavailable)
Stlth   ++                       (no amulet)
HPRegen 0.22/turn                (no ring)
MPRegen 0.10/turn                (no ring)

@: no status effects
A: beak, talons 3
a: no special abilities


You were on level 1 of the Dungeon.
You visited 1 branch of the dungeon, and saw 1 of its levels.

You collected 6 gold pieces.

Inventory:

Hand Weapons
 d - a +0 hand axe of electrocution (weapon)
Armour
 a - a +0 robe (worn)
Scrolls
 c - a scroll of teleportation {unknown}
Potions
 b - a potion of magic


   Skills:
 + Level 0.8 Fighting
 - Level 2.1 Dodging
 - Level 2.0 Stealth
 - Level 2.0 Spellcasting
 + Level 2.0 Conjurations
 + Level 4.3 Air Magic


You had 4 spell levels left.
You knew the following spells:

 Your Spells              Type           Power      Damage    Failure   Level
a - Shock                 Conj/Air       44%        1d5       6%          1

Your spell library contained the following spells:

 Spells                   Type           Power      Damage    Failure   Level
 Static Discharge         Conj/Air       22%        2-3/arc   9%          2
 Swiftness                Air            14%        N/A       12%         3
 Airstrike                Air            7%         2d(1-17)  36%         4


Dungeon Overview and Level Annotations

Branches:
Dungeon (1/15)

Altars:


Innate Abilities, Weirdness & Mutations

You have a beak for a mouth.
You have claws for feet.


Message History

You are out of magic!
You closely miss the hobgoblin.
The hobgoblin is almost dead.
You hit the quokka but do no damage. The hobgoblin hits you.
The quokka bites you. The hobgoblin barely misses you.
The endoplasm hits you but does no damage.
A hobgoblin comes into view.
You hit the hobgoblin.
You kill the hobgoblin!
You hit the endoplasm.
Lightning courses through the endoplasm!!
You kill the endoplasm!
You completely miss the quokka. The quokka closely misses you.
The quokka bites you.
Cleave: d) +0 hand axe (elec)
Press: ? - help, Dir - move target, f - quokka
Aim: a quokka (about 52% to evade your +0 hand axe of electrocution)
You closely miss the quokka. Your peck misses the quokka.
The quokka bites you but does no damage.
Cleave: d) +0 hand axe (elec)
Press: ? - help, Dir - move target, f/p - quokka
Aim: a quokka (about 52% to evade your +0 hand axe of electrocution)
You hit the quokka. Your kick misses the quokka. Your peck misses the quokka.
The quokka is heavily wounded.
The quokka bites you. x2
* * * LOW HITPOINT WARNING * * *
Casting: Shock (safe; 6% risk of failure)
Confirm with . or Enter, or press ? or * to list all spells.
Aiming: Shock (safe; 6% risk of failure)
Press: ? - help, Shift-Dir - straight line, f/p - quokka
Aim: a quokka (heavily wounded, 56% to hit)
The zap misses the quokka.
The quokka bites you but does no damage.
The quokka attacks as you move away! The quokka closely misses you.
You hit the quokka. You claw the quokka, but do no damage.
The quokka is almost dead.
The quokka bites you.
* * * LOW HITPOINT WARNING * * *
The quokka bites you.
You die...

.......# # ....##.## #
#...#..# ### #...#.# #..
#.....#### ###.# .
#...#...†####...# ...
####..†..##...##....
...†.#.g......#....†.....
.......r@...#.#.#........
.........................
.............#...........
.............##..........
.......................>.
.........................
>........................
................ # ######
#.#.#♣♣♣


You could see a quokka and a hobgoblin.

Vanquished Creatures
  2 ball pythons (D:1)
  2 endoplasms (D:1)
  A giant cockroach (D:1)
  A hobgoblin (D:1)
  A bat (D:1)
  2 rats (D:1)
9 creatures vanquished.

Notes
Turn   | Place    | Note
-------+----------+-------------------------------------------
     0 | D:1      | Essalna the Tengu Air Elementalist began the quest for the
                  | Orb.
     0 | D:1      | Reached XP level 1. HP: 10/10 MP: 4/4
   209 | D:1      | Reached XP level 2. HP: 16/16 MP: 3/6
   218 | D:1      | Slain by a quokka

Illustrated notes

Levels and vault maps discovered:
D:1:      tarquinn_simple_flora_water_b, layout_rooms,
          hellmonk_ecumenical_altar_lost_god

Skill      XL: |  1 |
---------------+----+-----
Conjurations   | 2 |  2.0
Fighting       | |  0.8
Dodging        | |  2.1
Stealth        | |  2.0
Spellcasting   | |  2.0
Air Magic      | |  4.3

Action                     || total
---------------------------++-------
  Melee: Hand axe          ||     9
         Kick              ||     2
   Cast: Shock             ||    17
 Armour: Robe              ||     6
  Dodge: Dodged            ||     8

Table legend: (Time is in decaauts)
 A = Elapsed time spent in this place.
 B = Non-inter-level travel time spent in this place.
 C = Inter-level travel time spent in this place.
 D = Time resting spent in this place.
 E = Time spent auto-exploring this place.
 F = Levels seen in this place.
 G = Mean time per level.
                   A        B        C        D        E       F      G
               +--------+--------+--------+--------+--------+-----+--------+
         Total |    219 |    219 |      0 |      0 |    174 |   1 |  219.0 |
       Dungeon |    219 |    219 |      0 |      0 |    174 |   1 |  219.0 |
               +--------+--------+--------+--------+--------+-----+--------+

Top non-repeatable levels by time:
     D:1: 219 daAuts
